AoeStats
← Erick14mar

Arena

508728410Analyzed
2v2 RM · 10d ago on Sep 23, 2026· 34m 48s· 4 players
Game mode
Random Map
Map size
Medium (4 player)
Population
200
Speed
Normal
Resources
Standard
Victory
Conquest
Starting age
Dark Age
Ending age
Imperial Age
RankedLock teamsTeams togetherTeam positionsShared explorationLock speedFull tech treeHidden civsTurbo modeCheats
Victory
Defeat
🇺🇸 Byzantines · United States
1424
+15
🇵🇪 Poles · Peru
1313
+19
🇫🇷 Mongols · France
1392
-17
🇫🇷 Burgundians · France
1389
-17
Elessar
4:25 Double-Bit Axe
7:16 Loom
10:50 Feudal Age
12:42 Bow Saw
15:37 Castle Age
16:24 Scale Barding Armor
15:47 Light Cavalry
19:51 Cavalier
22:29 Husbandry
25:06 Wheelbarrow
26:39 Chain Barding Armor
30:45 Scale Mail Armor
31:52 Hand Cart
31:57 Chain Mail Armor
32:02 Town Watch
31:57 Man-at-Arms
32:38 Squires
33:29 Forging
33:51 Long Swordsman
Aenör
7:27 Loom
9:20 Feudal Age
7:35 Loom
9:23 Feudal Age
14:59 Fletching
17:05 Double-Bit Axe
23:00 Castle Age
21:35 Horse Collar
21:47 Gold Mining
23:22 Stone Mining
24:11 Wheelbarrow
23:46 Bodkin Arrow
28:20 Bow Saw
32:01 Bloodlines
33:07 Padded Archer Armor
Exalted_Problem
10:15 Feudal Age
11:18 Double-Bit Axe
11:16 Horse Collar
11:46 Loom
15:42 Castle Age
13:29 Loom
22:43 Heavy Plow
23:01 Bow Saw
24:05 Loom
24:56 Wheelbarrow
28:05 Imperial Age
25:54 Squires
25:39 Gambesons
26:06 Scale Mail Armor
25:54 Gambesons
26:54 Forging
26:32 Arson
28:45 Iron Casting
29:57 Elite Varangian Guard
31:10 Chain Mail Armor
31:39 Crop Rotation
32:22 Hand Cart
31:53 Loom
33:17 Two-Man Saw
33:30 Plate Mail Armor
Erick14mar
5:37 Loom
8:45 Feudal Age
16:08 Horse Collar
16:25 Fletching
24:01 Castle Age
22:32 Gold Mining
23:55 Scale Barding Armor
24:01 Forging
25:28 Bodkin Arrow
27:48 Chain Barding Armor
26:58 Light Cavalry
29:10 Heavy Plow
34:06 Imperial Age
32:57 Iron Casting
33:03 Fortified Wall
36:18 Blast Furnace
35:19 Bracer
Connection lost

Rejoining the realm…

Still unreachable

The connection could not be restored.

Session expired

The server has moved on; the page needs a fresh start.